 Dungeon Crawl Stone Soup version 0.28.0 (webtiles) character file.

Game seed: 14691223385264844158

19 Anon1729 the Insei (level 2, -1/18 HPs)
             Began as an Octopode Transmuter on Feb 15, 2022.
             Slain by a kobold (4 damage)
             ... on level 1 of the Dungeon.
             The game lasted 00:00:32 (360 turns).

Anon1729 the Insei (Octopode Transmuter)             Turns: 360, Time: 00:00:32

Health: -1/18      AC:  1    Str:  9    XL:     2   Next: 75%
Magic:  4/5        EV: 13    Int: 15    God:
Gold:   19         SH:  0    Dex: 12    Spells: 4/5 levels left

rFire   . . .      SeeInvis .     - Unarmed
rCold   . . .      Faith    .   (no shield)
rNeg    + . .      Spirit   .   (helmet currently unavailable)
rPois   .          Reflect  .   (no amulet)
rElec   .          Harm     .   a - ring of positive energy
rCorr   .          Rampage  .   (no ring)
Will    .....                   (no ring)
Stlth   ++........              (no ring)
HPRegen 0.06/turn               (no ring)
MPRegen 0.09/turn               (no ring)
                                (no ring)
                                (no ring)

@: appendages
A: tentacle spike 3, almost no armour, amphibious, 8 rings, camouflage 1,
gelatinous body 1, (nimble swimmer 1), tentacles
a: End Transformation


You were on level 1 of the Dungeon.
One of your tentacles had grown a beastly spike.
You visited 1 branch of the dungeon, and saw 1 of its levels.

You collected 19 gold pieces.

Inventory:

Missiles
 b - 2 poisoned darts
Jewellery
 a - a ring of positive energy (left tentacle)
Scrolls
 c - a scroll of blinking {unknown}
 d - 2 scrolls of acquirement {unknown}
Potions
 e - a potion of flight {unknown}


   Skills:
 - Level 1.0 Fighting
 - Level 2.0 Dodging
 + Level 3.9 Unarmed Combat
 - Level 2.0 Spellcasting
 - Level 2.0 Transmutations


You had 4 spell levels left.
You knew the following spells:

 Your Spells              Type           Power      Damage    Failure   Level
a - Beastly Appendage     Tmut           14%        N/A       10%         1

Your spell library contained the following spells:

 Spells                   Type           Power      Damage    Failure   Level
 Wereblood                Tmut           7%         N/A       14%         2
 Spider Form              Tmut/Pois      4%         N/A       41%         3
 Ice Form                 Ice/Tmut       4%         N/A       82%         4


Dungeon Overview and Level Annotations

Branches:
Dungeon (1/15)

Altars:


Innate Abilities, Weirdness & Mutations

One of your tentacles has grown a beastly spike.
You cannot wear most types of armour.
You are amphibious.
You can wear up to eight rings at the same time.
Your skin changes colour to match your surroundings (Stealth+).
Your rubbery body absorbs attacks. (AC +1, EV +1)
((You are camouflaged when in or above water. (Stealth+)))
You have tentacles for arms and can constrict up to eight enemies at once.


Message History

The bat closely misses you.
The hobgoblin hits the plant.
The bat barely misses you.
You closely miss the bat. You grab the bat.
You constrict the bat, but do no damage.
The bat hits you. The bat barely misses you.
The hobgoblin hits the plant.
The bat escapes!
You barely miss the frilled lizard. Your grab misses the frilled lizard.
You pierce the frilled lizard.
You kill the frilled lizard!
The bat hits you.
The hobgoblin hits the plant.
A rat comes into view.
A ball python comes into view.
Found a dented bronze amulet.
Found a faded altar of an unknown god.
A nearby plant withers and dies.
The bat hits you but does no damage. The hobgoblin hits you.
You are too injured to fight recklessly!
There are monsters nearby!
There are monsters nearby!
Your tentacle spike disappears.
The bat barely misses you. The bat hits you but does no damage.
The bat hits you but does no damage. The bat completely misses you.
The bat completely misses you.
You barely miss the bat. Your grab misses the bat. The bat hits you.
The bat hits you but does no damage.
You closely miss the bat. Your grab misses the bat.
Your tentacle-slap misses the bat.
You squeeze the bat.
You kill the bat!
Casting: Beastly Appendage (safe; 10% risk of failure)
Confirm with . or Enter, or press ? or * to list all spells.
One of your tentacles grows a vicious spike.
The hobgoblin hits you.
* * * LOW HITPOINT WARNING * * *
You tentacle-slap the hobgoblin. You grab the hobgoblin.
You pierce the hobgoblin.
You kill the hobgoblin!
Unknown command.
You barely miss the kobold. You grab the kobold. You constrict the kobold.
The kobold hits you with a +0 short sword.
You die...

#.. ######### .. ##+# #.......#
#.## ...... #.......# ..# ......
#.......# #.# ...... #.......##
###.#####.##.# #........#
#......).....#
###........########.≈)≈≈≈≈⌠....#
..'........'....@KS.≈..P..P....#.
..#........########...####.⌠...?.
..########## #.≈P#_b..≈.#... ..#
#.P.####.⌠..... ### #..⌠.PP
..≈..... ##### #..≈≈≈P≈P⌠≈...#.
....# #............... ###.#
..###.##..#...#. ..).######
...###...


You could see a ball python and a kobold.

Vanquished Creatures
  4 endoplasms (D:1)
  2 goblins (D:1)
  3 hobgoblins (D:1)
  A quokka (D:1)
  2 ball pythons (D:1)
  2 bats (D:1)
  A frilled lizard (D:1)
  A kobold (D:1)
16 creatures vanquished.

Vanquished Creatures (others)
  A plant (D:1)
1 creature vanquished.

Grand Total: 17 creatures vanquished

Notes
Turn   | Place    | Note
-------+----------+-------------------------------------------
     0 | D:1      | Anon1729 the Octopode Transmuter began the quest for the
                  | Orb.
     0 | D:1      | Reached XP level 1. HP: 13/13 MP: 3/3
   112 | D:1      | Reached XP level 2. HP: 17/18 MP: 5/5
   345 | D:1      | Found a faded altar of an unknown god.
   360 | D:1      | Slain by a kobold

Illustrated notes

Levels and vault maps discovered:
D:1:      nzn_arrival_crosshair, layout_basic,
          shapermc_ecumenical_altar_acropolis

Action                   || total
-------------------------++-------
Melee: Unarmed           ||    32
       Constrict         ||    10
       Tentacles         ||     7
       Kick              ||     5
       Punch             ||     1
 Cast: Beastly Appendage ||     3
 Stab: Sleeping          ||     2
Armor: Skin              ||     4
Dodge: Dodged            ||    20
